 Dungeon Crawl Stone Soup version 0.30-b1-2-g02819fbbbe (webtiles) character file.

Game seed: 10879935495394960025

9 Alarkh the Charlatan (level 2, 22/22 HPs)
             Began as a Demonspawn Artificer on July 11, 2023.
             Got out of the dungeon alive.
             The game lasted 00:00:44 (404 turns).

Alarkh the Charlatan (Demonspawn Artificer)          Turns: 404, Time: 00:00:44

Health: 22/22      AC:  3    Str: 12    XL:     2   Next: 3%
Magic:  2/2        EV: 11    Int: 12    God:
Gold:   0          SH:  0    Dex: 13    Spells: 1/1 levels left

rFire   . . .        a - +0 club
rCold   . . .        (no shield)
rNeg    . . .        b - +0 leather armour
rPois   .            (no helmet)
rElec   .            (no cloak)
rCorr   .            (no gloves)
SInv    .            (no boots)
Will    .....        (no amulet)
Stlth   +            (no ring)
HPRegen 0.23/turn    (no ring)
MPRegen 0.08/turn

%: no passive effects
@: no status effects
A: demonic touch 1
a: no special abilities


You escaped.
You visited 1 branch of the dungeon, and saw 1 of its levels.

Inventory:

Hand Weapons
 a - a +0 club (weapon)
Armour
 b - a +0 leather armour (worn)
Magical Staves
 g - a staff of death
 i - a staff of poison
Wands
 c - a wand of flame (13) (quivered)
 d - a wand of charming (15)
 e - a wand of iceblast (5)
Scrolls
 h - 2 scrolls of identify {unknown}
 j - a scroll of noise {unknown}
Potions
 f - a potion of invisibility {unknown}


   Skills:
 + Level 2.1 Fighting
 - Level 1.7 Armour
 - Level 0.8 Dodging
 - Level 0.8 Stealth
 - Level 3.0 Evocations


You had one spell level left.
You didn't know any spells.
Your spell library contained the following spells:

 Spells                   Type           Power      Damage    Failure   Level
 Sandblast                Erth           0%         2d4       38%         1
 Lesser Beckoning         Tloc           0%         N/A       54%         2
 Passwall                 Tmut/Erth      0%         N/A       54%         2
 Gell's Gravitas          Tloc           0%         N/A       77%         3
 Stone Arrow              Conj/Erth      0%         3d7       77%         3
 Teleport Other           Tloc           0%         N/A       77%         3


Dungeon Overview and Level Annotations

Branches:
Dungeon (1/15)

Altars:

Shops:
D:1 =


Innate Abilities, Weirdness & Mutations

Your touch may inflict minor irresistible damage on your foes.


Message History

A rat is nearby!
You hit the rat but do no damage. The rat bites you. x2
You hit the rat.
You kill the rat!
No target in view!
A frilled lizard comes into view.
The frilled lizard hisses angrily.
A frilled lizard is nearby!
A frilled lizard is nearby!
Found an escape hatch in the floor.
A ball python comes into view.
The frilled lizard barely misses you.
You barely miss the frilled lizard.
The ball python hisses angrily.
The frilled lizard completely misses you.
You hit the frilled lizard.
You kill the frilled lizard!
You have reached level 2!
Your demonic ancestry asserts itself...
Your hands begin to faintly glow with unholy energy.
You closely miss the ball python. The ball python closely misses you.
The ball python grabs you. The ball python constricts you.
You hit the ball python but do no damage.
Your touch misses the ball python. The ball python barely misses you.
The ball python constricts you. The ball python barely misses you.
The ball python constricts you.
You closely miss the ball python. The ball python bites you.
The ball python constricts you.
You closely miss the ball python.
You touch the ball python.
You kill the ball python!
No target in view!
Unknown command.
There is an escape hatch in the floor here.
Found a fizzy golden potion.
You see here a +0 dagger.
You enter the shallow water.
Moving in this stuff is going to be slow.
There is a staircase leading out of the dungeon here.
Are you sure you want to leave the Dungeon?
This will make you lose the game!
You have escaped!

#### #∩.♣#
############### ###...#
≈≈≈≈≈≈≈≈≈≈≈≈≈≈≈ #.#♣...
≈≈≈≈≈.....≈≈≈≈≈###......
≈≈....~~~....≈≈#........
≈...~~~.~~~...≈#.###...#
≈.^~~..@.~~~.....# #...#
≈...~~~.~~~...≈### ##.##
≈≈....~~~....≈≈#####....
≈≈≈≈≈.....≈≈≈≈≈#.......#
≈≈≈≈≈≈≈.≈≈≈≈≈≈≈#####...#
#######.####### ##.##
#.#..# #.## #...## #...
#.### ####


There were no monsters in sight!

Vanquished Creatures
  2 endoplasms (D:1)
  A quokka (D:1)
  A ball python (D:1)
  3 bats (D:1)
  A frilled lizard (D:1)
  A rat (D:1)
9 creatures vanquished.

Notes
Turn   | Place    | Note
-------+----------+-------------------------------------------
     0 | D:1      | Alarkh the Demonspawn Artificer began the quest for the
                  | Orb.
     0 | D:1      | Reached XP level 1. HP: 15/15 MP: 1/1
    68 | D:1      | Found a faded altar of an unknown god.
   286 | D:1      | Found Niesif's Jewellery Shoppe.
   363 | D:1      | Gained mutation: Your touch may inflict minor irresistible
                  | damage on your foes. [demonic ancestry]
   363 | D:1      | Reached XP level 2. HP: 22/22 MP: 2/2
   404 | D:$      | Got out of the dungeon alive.

Illustrated notes

Levels and vault maps discovered:
D:1:      dpeg_arrival_shrine, layout_loops_ring,
          chequers_ecumenical_altar_simple, serial_shops,
          nicolae_shop_pleasant_corner_grove, serial_aquarium,
          aquarium_bridge_long_separate [aquarium_subvault_bridge,
          aquarium_subvault_window, aquarium_subvault_wall,
          aquarium_subvault_wall, aquarium_subvault_bridge,
          aquarium_subvault_bridge], aquarium_window_1, aquarium_window_fake,
          aquarium_view_2e, aquarium_pool_2

Skill      XL: |  1 |
---------------+----+-----
Fighting       | 2 |  2.1
Armour         | |  1.7
Dodging        | |  0.8
Stealth        | |  0.8
Evocations     | |  3.0

Action                     || total
---------------------------++-------
  Melee: Club              ||    35
         Touch             ||     1
  Evoke: Wand              ||     2
   Stab: Sleeping          ||     2
 Armour: Leather armour    ||    16
  Dodge: Dodged            ||    21
